Map: 포트 알렉산더 - 래더

Players

HeRoMaRinE

  • Race: Terran Terran
  • Spawn Location: 11:00

Keen - Winner!

  • Race: Terran Terran
  • Spawn Location: 5:00

Event: IEM Season 13: Katowice (2019)

VOD

Have the link to the VOD?

Description

Time

  • Played on: Feb. 25, 2019, 5:27 a.m.
  • Length: 19:46

All games in this series

Show
View Real Time Build Order
Export as new Build Order

HeRoMaRinE Terran 

Build Orders:  

Get SALT Encoding   

  12  0:00  SCV  
  13  0:12  SCV  
  14  0:18  Supply Depot  
  14  0:24  SCV  
  15  0:30  Refinery  
  15  0:39  SCV  
  16  0:45  Barracks  
  16  0:51  SCV  
  17  1:03  SCV  
  18  1:15  SCV  
  20  1:32  Reaper, Orbital Command  
  20  1:46  Command Center  
  20  1:59  Factory  
  20  2:02  SCV  
  20  2:08  Barracks Reactor  
  21  2:14  SCV  
  22  2:18  Supply Depot  
  22  2:20  Refinery  
  22  2:26  SCV  
  23  2:40  SCV  
  24  2:46  Starport  
  24  2:49  Hellion x2  
  28  2:52  SCV  
  29  3:00  Orbital Command  
  29  3:04  SCV  
  30  3:11  Hellion  
  32  3:14  Hellion  
  32  3:17  Barracks Tech Lab  
  32  3:18  SCV  
  35  3:26  SCV  
  36  3:28  Starport Tech Lab  
  36  3:31  SCV  
  36  3:33  Refinery  
  37  3:39  SCV  
  38  3:42  Cyclone  
  38  3:43  SCV  
  38  3:44  Supply Depot  
  42  3:51  SCV  
  42  3:52  Raven  
  42  3:55  SCV  
  46  4:01  Supply Depot  
  46  4:05  Marine x2  
  46  4:06  SCV  
  46  4:07  SCV  
  50  4:14  Siege Tank  
  53  4:18  SCV  
  53  4:23  SCV  
  55  4:30  SCV  
  57  4:35  SCV  
  58  4:38  Raven  
  58  4:42  SCV  
  58  4:44  Command Center  
  59  4:47  SCV  
  59  4:49  Supply Depot  
  60  4:53  Supply Depot  
  60  4:56  SCV  
  60  4:59  SCV  
  62  5:05  Refinery  
  62  5:10  Marine x2  
  62  5:11  Siege Tank, SCV x2  
  69  5:15  Supply Depot  
  69  5:23  SCV x2  
  69  5:35  SCV x2  
  71  5:42  Viking  
  71  5:43  Siege Tank, Viking  
  71  5:44  Marine  
  71  5:45  Stimpack  
  71  5:47  SCV  
  71  5:48  SCV  
  81  5:56  Engineering Bay x2  
  81  5:57  Orbital Command  
  81  5:59  SCV  
  81  6:00  SCV  
  81  6:03  Marine  
  84  6:12  Viking  
  84  6:13  Viking  
  84  6:16  SCV  
  84  6:17  SCV  
  90  6:20  Siege Tank  
  90  6:21  Marine  
  90  6:23  Terran Infantry Armor Level 1, Terran Infantry Weapons Level 1  
  94  6:28  SCV  
  94  6:29  SCV  
  94  6:32  Orbital Command  
  96  6:39  Marine  
  94  6:42  Viking, SCV x2  
  94  6:43  Viking  
  101  6:50  Supply Depot  
  101  7:00  Marine  
  101  7:01  Siege Tank, SCV x2, Supply Depot  
  106  7:12  Viking x2  
  108  7:18  Marine  
  108  7:19  Barracks  
  108  7:20  Barracks  
  108  7:22  Barracks  
  109  7:25  SCV x2  
  109  7:27  Barracks, SCV  
  107  7:36  Marine  
  108  7:37  SCV  
  108  7:38  SCV  
  108  7:39  SCV  
  115  7:48  Armory  
  115  7:49  SCV  
  116  7:51  SCV  
  116  7:52  Refinery x2  
  116  7:53  Sensor Tower, SCV  
  116  7:54  Marine  
  116  7:55  Medivac x2  
  116  7:56  Siege Tank  
  122  8:01  SCV  
  122  8:04  Combat Shield, SCV  
  122  8:05  SCV  
  125  8:07  Barracks Reactor x2, Supply Depot  
  125  8:08  Supply Depot  
  125  8:10  Barracks Reactor  
  125  8:12  Marine  
  126  8:15  SCV  
  126  8:16  SCV  
  126  8:17  SCV  
  126  8:19  Supply Depot  
  129  8:23  Supply Depot  
  129  8:26  Barracks Reactor  
  129  8:27  SCV  
  129  8:29  Marine  
  129  8:33  Supply Depot  
  130  8:35  Viking x2  
  134  8:46  Terran Infantry Weapons Level 2  
  134  8:47  Marine  
  134  8:48  Command Center, Terran Infantry Armor Level 2  
  135  8:49  Marine x3  
  135  8:50  Marine  
  135  8:54  Marine x2  
  141  9:03  Factory, Siege Tank  
  141  9:04  Marine x2  
  141  9:05  Marine  
  141  9:08  Terran Vehicle Weapons Level 1, Marine x2  
  141  9:09  Marine x2  
  150  9:12  Marine x2  
  153  9:17  Medivac  
  153  9:19  Medivac  
  153  9:22  Marine x2  
  153  9:23  Marine  
  160  9:26  Marine x2  
  160  9:27  Marine x2  
  160  9:30  Marine  
  165  9:35  Siege Tank  
  165  9:37  Marine  
  169  9:40  Marine x2  
  169  9:44  Marine  
  173  9:49  Supply Depot, Marine  
  173  9:51  Marine x2  
  173  9:52  Marine  
  176  9:53  Supply Depot  
  176  9:55  Viking, Marine  
  176  9:56  Viking  
  176  9:58  Barracks Reactor  
  180  10:00  Siege Tank, Marine x2  
  180  10:04  Marine  
  180  10:07  Supply Depot, Siege Tank, Marine  
  189  10:19  Marine x2  
  191  10:22  Marine x2  
  193  10:31  Refinery  
  193  10:32  Starport x2, Refinery  
  193  10:33  Missile Turret  
  193  10:37  Missile Turret  
  193  10:42  Barracks  
  193  10:45  Barracks  
  193  10:47  Planetary Fortress  
  193  10:49  Sensor Tower  
  192  10:57  Marine  
  192  10:58  Marine x3  
  192  10:59  Marine  
  192  11:00  Marine x4  
  200  11:05  Terran Infantry Armor Level 3, Terran Infantry Weapons Level 3  
  200  11:06  Terran Vehicle Weapons Level 2  
  200  11:15  Marine x2  
  200  11:16  Marine  
  200  11:17  Viking  
  200  11:18  Starport Tech Lab x2, Viking  
  199  11:21  Marine  
  200  11:30  Marine x2  
  198  11:33  Marine x2  
  200  11:40  Command Center  
  200  11:49  Marine x2  
  200  11:50  Marine  
  200  11:51  Marine x3  
  200  11:53  Marine  
  162  11:54  Marine x2  
  162  11:58  Raven x2, Viking x2  
  162  12:01  Corvid Reactor  
  153  12:02  Marine  
  153  12:07  Siege Tank x2, Marine x2  
  160  12:08  Marine x2  
  160  12:09  Marine x2  
  160  12:11  Liberator x2, Marine  
  160  12:12  Marine x2  
  160  12:13  Barracks Reactor  
  160  12:14  Barracks Reactor  
  167  12:19  Marine  
  168  12:25  Marine x2  
  168  12:26  Marine x2  
  168  12:27  Marine x2  
  168  12:28  Marine  
  181  12:30  Marine  
  181  12:32  Marine  
  183  12:37  Marine  
  183  12:41  Raven  
  183  12:42  Siege Tank  
  183  12:43  Siege Tank, Marine x2  
  194  12:44  Marine x2  
  194  12:45  Marine x2  
  194  12:46  Marine  
  194  12:47  Marine  
  200  13:04  Sensor Tower  
  200  13:11  Armory  
  195  13:17  Marine  
  195  13:18  Viking x2  
  195  13:19  Raven  
  189  13:21  Marine x4  
  189  13:22  Marine  
  189  13:23  Missile Turret, Marine x2  
  189  13:24  Raven  
  196  13:34  Siege Tank  
  199  13:45  Planetary Fortress, Marine  
  199  13:48  Viking  
  199  13:55  Marine x2  
  196  14:01  Marine x2  
  196  14:02  Marine  
  196  14:03  Marine x2  
  196  14:09  Marine x3  
  195  14:11  Command Center  
  195  14:13  Marine x2  
  195  14:15  Marine  
  195  14:16  Orbital Command  
  196  14:28  Raven x2  
  196  14:29  Marine x2  
  196  14:30  Marine x3  
  198  14:31  Marine x2  
  198  14:32  Marine x2  
  198  14:33  Marine  
  198  14:34  Marine x2  
  193  14:41  Marine  
  193  14:42  Marine  
  163  14:47  Marine x2  
  163  14:48  Marine x3  
  163  14:49  Marine x2  
  163  14:50  Marine x2  
  157  14:52  Marine  
  157  14:53  Marine  
  157  14:56  Viking x2  
  163  15:00  Marine x3  
  163  15:05  Marine x2  
  163  15:06  Siege Tank, Marine x2  
  173  15:09  Marine  
  173  15:11  Raven x2  
  173  15:13  Marine x2  
  178  15:14  Marine x2  
  178  15:16  Marine x2  
  178  15:18  Command Center, Marine x2  
  178  15:19  Siege Tank  
  187  15:22  Terran Vehicle Weapons Level 3  
  187  15:25  Marine x2  
  187  15:26  Marine x2  
  189  15:32  Marine  
  187  15:36  Marine x2  
  187  15:38  Siege Tank  
  187  15:40  Viking  
  187  15:41  Viking  
  193  15:44  Marine  
  182  15:50  Marine x2  
  182  15:52  Marine x4  
  182  15:53  Marine  
  182  15:54  Viking x2, Marine x5  
  180  15:58  Marine  
  180  16:02  Marine  
  172  16:08  Marine x2  
  172  16:10  Orbital Command, Viking, Marine  
  172  16:11  Marine  
  179  16:13  Siege Tank  
  179  16:14  Siege Tank  
  179  16:18  SCV x3  
  185  16:20  Viking  
  185  16:22  Marine  
  185  16:23  Marine  
  185  16:24  Raven  
  193  16:25  Marine  
  193  16:28  Marine  
  193  16:32  Orbital Command  
  199  16:42  Raven  
  177  16:54  Viking  
  177  16:55  Viking  
  177  16:56  Siege Tank  
  177  16:57  Marine  
  177  16:58  Marine x2  
  177  17:00  Marine x2  
  189  17:01  Marine  
  189  17:02  Marine x3  
  189  17:03  Marine  
  189  17:07  Viking  
  185  17:21  Marine  
  185  17:24  Viking  
  185  17:25  Viking x2  
  185  17:29  Marine x3  
  194  17:37  Viking  
  191  17:39  SCV  
  191  17:41  SCV x2  
  183  17:54  Viking  
  183  17:55  Viking x2  
  183  17:57  Marine x5  
  189  17:59  Marine  
  189  18:00  Marine  
  189  18:04  Marine  
  189  18:05  Marine  
  180  18:07  Siege Tank x2, Viking  
  187  18:13  Marine x3  
  187  18:15  Marine  
  187  18:18  Marine  
  179  18:22  Marine x2  
  179  18:24  Marine x2  
  172  18:34  Marine x3  
  172  18:35  Viking  
  172  18:36  Marine x2  
  172  18:39  Marine  
  172  18:40  Marine  
  163  18:41  Marine  
  163  18:42  Marine  
  163  18:44  Marine  
  152  18:51  Viking  
  152  18:54  Marine  
  154  19:04  Viking  
  154  19:05  Viking  
  154  19:10  Marine  
  154  19:11  Marine  
  154  19:12  Marine  
  154  19:15  Marine x3  
  137  19:19  Marine x2  
  137  19:21  Marine  
  137  19:24  Marine  
Show
View Real Time Build Order
Export as new Build Order

Keen Terran - Winner!

Build Orders: Gas First Reaper Expand 

Get SALT Encoding   

  12  0:00  SCV  
  13  0:12  SCV  
  14  0:18  Supply Depot  
  14  0:25  SCV  
  15  0:29  Refinery  
  15  0:39  SCV  
  16  0:45  Barracks  
  16  0:51  SCV  
  17  1:03  SCV  
  18  1:15  SCV  
  19  1:32  Orbital Command  
  19  1:33  Reaper  
  20  1:45  Command Center  
  20  1:55  Factory  
  20  1:58  SCV  
  21  2:06  Refinery  
  21  2:07  Barracks Reactor  
  21  2:11  SCV  
  22  2:17  Supply Depot  
  22  2:24  SCV  
  23  2:38  SCV  
  23  2:41  Starport  
  24  2:46  Hellion x2  
  24  2:51  SCV  
  29  3:03  SCV  
  30  3:05  Orbital Command  
  30  3:09  Hellion  
  30  3:11  Hellion  
  34  3:16  SCV  
  34  3:18  Medivac  
  37  3:22  Barracks Tech Lab  
  37  3:28  SCV  
  37  3:31  SCV  
  37  3:34  Refinery  
  39  3:40  SCV, Supply Depot  
  40  3:43  SCV  
  40  3:46  Cyclone  
  44  3:51  Marine x2  
  46  3:56  Starport Tech Lab  
  46  4:00  Supply Depot  
  46  4:01  SCV x2  
  48  4:09  Marine x2  
  50  4:14  SCV x2  
  50  4:16  Raven  
  54  4:26  Siege Tank, SCV x2  
  54  4:30  Supply Depot  
  59  4:32  Marine  
  59  4:38  SCV  
  62  4:42  Supply Depot  
  62  4:47  SCV  
  62  4:48  Supply Depot  
  62  4:51  SCV  
  63  4:59  SCV  
  64  5:03  Raven  
  64  5:05  Command Center, SCV  
  67  5:10  Siege Tank  
  67  5:11  SCV, Marine  
  67  5:12  Marine  
  72  5:17  SCV  
  71  5:24  SCV  
  66  5:29  SCV, Marine  
  66  5:30  Marine  
  66  5:33  Refinery, Supply Depot  
  69  5:36  SCV  
  69  5:37  Barracks  
  69  5:42  Barracks  
  70  5:46  Siege Tank  
  73  5:51  SCV  
  74  5:59  Marine  
  74  6:00  Stimpack, Viking  
  74  6:03  SCV x2  
  79  6:08  Viking  
  81  6:16  SCV x2  
  81  6:17  Marine  
  87  6:18  Siege Tank  
  87  6:30  Barracks Reactor  
  87  6:31  Barracks Reactor  
  87  6:37  SCV x2  
  87  6:39  Marine  
  90  6:42  Engineering Bay  
  90  6:44  Engineering Bay, Orbital Command  
  90  6:49  Viking x2  
  90  6:50  Siege Tank  
  90  6:53  SCV x2  
  99  7:04  Orbital Command  
  99  7:09  Marine  
  99  7:10  Marine x2  
  99  7:12  Terran Infantry Weapons Level 1  
  99  7:13  Terran Infantry Armor Level 1  
  99  7:14  Supply Depot  
  99  7:15  Supply Depot  
  102  7:16  SCV x2  
  102  7:19  Marine  
  102  7:22  Siege Tank  
  107  7:25  Viking  
  109  7:35  SCV, Viking  
  112  7:41  SCV x2  
  113  7:44  Barracks  
  113  7:46  Barracks  
  113  7:47  SCV  
  113  7:50  Supply Depot x2  
  114  7:53  Marine x4  
  114  7:54  Marine  
  114  7:56  SCV x2  
  121  7:59  SCV  
  121  8:03  Supply Depot x2  
  121  8:04  Combat Shield  
  122  8:11  Refinery x2  
  122  8:15  Siege Tank  
  122  8:16  Marine x4  
  122  8:18  Marine  
  129  8:21  Medivac  
  131  8:33  Marine  
  133  8:37  Armory, Barracks Reactor  
  133  8:38  Factory  
  133  8:39  Barracks Reactor  
  133  8:40  Supply Depot  
  132  8:46  Marine  
  133  8:51  Viking  
  133  8:54  Command Center, Viking  
  137  8:58  Marine x4  
  141  9:03  Supply Depot  
  141  9:04  Supply Depot, Marine  
  142  9:15  Siege Tank  
  145  9:17  SCV x3  
  145  9:22  Factory Tech Lab  
  148  9:24  Terran Infantry Weapons Level 2, Terran Infantry Armor Level 2  
  148  9:29  SCV  
  148  9:30  Terran Vehicle Weapons Level 1  
  149  9:32  SCV  
  149  9:33  SCV  
  149  9:40  Viking  
  149  9:41  SCV  
  152  9:45  Viking  
  152  9:47  Siege Tank  
  152  9:51  Sensor Tower  
  157  9:54  Siege Tank  
  157  9:58  SCV x2  
  157  9:59  SCV  
  163  10:02  Supply Depot  
  163  10:04  Marine x5  
  168  10:08  Planetary Fortress  
  168  10:13  Viking  
  169  10:15  Viking  
  169  10:20  Siege Tank  
  174  10:26  Refinery  
  174  10:28  Refinery  
  174  10:29  Supply Depot  
  174  10:31  SCV x2  
  174  10:32  SCV  
  174  10:34  Siege Tank  
  180  10:41  Starport  
  180  10:44  Starport  
  180  10:45  SCV  
  181  10:52  Siege Tank, Viking x2  
  181  10:53  Barracks x2  
  181  10:56  Barracks  
  188  11:05  Missile Turret x2  
  188  11:06  Siege Tank  
  186  11:17  Marine x7  
  186  11:18  Marine  
  187  11:22  Starport Reactor, Starport Tech Lab  
  187  11:28  Command Center  
  187  11:31  Viking  
  187  11:32  Viking  
  183  11:41  Siege Tank x2  
  183  11:45  Barracks Reactor x3  
  189  11:47  Missile Turret  
  189  11:48  Terran Infantry Armor Level 3, Terran Infantry Weapons Level 3  
  189  11:50  Missile Turret  
  189  11:52  Missile Turret  
  189  11:53  Marine x4  
  167  11:58  Marine x5  
  162  12:09  Viking x2  
  162  12:11  Viking, Marine x3  
  162  12:15  Viking  
  173  12:18  Viking  
  175  12:27  Marine x4  
  179  12:31  Terran Vehicle Weapons Level 2  
  179  12:37  Missile Turret  
  179  12:39  Siege Tank, Viking, Marine  
  179  12:40  Marine x2  
  187  12:47  Viking  
  187  12:48  Viking  
  191  12:52  Viking  
  191  12:53  Viking  
  195  12:58  Corvid Reactor  
  195  13:00  Fusion Core  
  189  13:23  Raven  
  189  13:25  Marine x2  
  193  13:29  Starport  
  193  13:30  Starport  
  193  13:45  Siege Tank  
  185  13:49  Viking x3  
  185  13:55  Marine x2  
  189  14:04  Medivac  
  189  14:05  Medivac  
  189  14:06  Raven  
  189  14:07  Starport Tech Lab  
  189  14:09  Marine x5  
  180  14:10  Marine x2  
  180  14:13  Marine x2  
  180  14:15  Marine x3  
  180  14:17  Marine  
  177  14:33  Command Center  
  177  14:35  Siege Tank x2  
  177  14:36  Command Center  
  170  14:43  Marine x2  
  149  14:45  Marine  
  149  14:46  Marine x8  
  149  14:47  Marine x2  
  149  14:51  Marine  
  143  14:57  Marine  
  143  14:59  Raven  
  118  15:00  Starport Tech Lab  
  118  15:01  Liberator x2, Marine x2  
  118  15:03  Marine x4  
  118  15:04  Marine  
  127  15:07  Siege Tank  
  127  15:10  Marine x3  
  133  15:21  Advanced Ballistics  
  139  15:28  Marine x3  
  140  15:36  Siege Tank  
  140  15:37  Marine x10  
  140  15:38  Medivac x2  
  140  15:39  Siege Tank  
  160  15:45  Marine  
  160  15:48  Marine x2  
  162  15:54  Marine x2  
  152  16:06  Marine  
  152  16:07  Marine x8  
  156  16:13  Orbital Command  
  156  16:26  Siege Tank  
  156  16:27  Medivac  
  156  16:28  Medivac  
  161  16:46  Siege Tank  
  164  16:47  Liberator x2  
  153  16:57  Medivac x2  
  153  16:58  Viking x2  
  153  17:00  Liberator  
  161  17:08  Siege Tank  
  158  17:18  Marine x2  
  161  17:23  Refinery, Marine x6  
  161  17:29  Siege Tank  
  170  17:32  Marine x2  
  170  17:33  Viking  
  174  17:41  Marine  
  175  17:58  Siege Tank  
  178  18:02  Marine x2  
  178  18:03  Marine  
  178  18:04  Marine  
  178  18:05  Marine x2  
  175  18:10  Marine x2  
  154  18:12  Viking x2  
  177  18:16  Orbital Command  
  177  18:17  Viking  
  177  18:18  Marine x2  
  174  18:21  Marine x2  
  174  18:25  Viking x2  
  160  18:36  Marine x2  
  156  18:45  Siege Tank  
  155  18:49  Marine  
  155  18:54  Viking x2  
  158  18:56  Marine x5  
  158  18:57  Marine x2  
  158  18:58  SCV x2  
  165  19:15  Viking x2  
  169  19:18  Marine x2  
  169  19:20  Marine  

Tags
 
Add a new tag
Caveats
  • Supply blocks, unpowered buildings, or Contaminate may cause inaccurate times.
  • Supply counts are checked every 10 seconds.